 Dungeon Crawl Stone Soup version 0.30-a0-639-g3916f1956a (webtiles) character file.

Game seed: 2894649695213307280

2591 Pooter the Spear-Bearer (level 9, -1/80 HPs)
             Began as a Minotaur Berserker on Jan 17, 2023.
             Was a Priest of Trog.
             Slain by a vampire
             ... wielding a +1 vampiric glaive
              (9 damage)
             ... in a bailey.
             The game lasted 00:41:31 (7922 turns).

Pooter the Spear-Bearer (Minotaur Berserker)        Turns: 7922, Time: 00:41:32

Health: -1/80      AC: 11    Str: 26    XL:     9   Next: 33%
Magic:  0/8        EV:  9    Int:  4    God:    Trog [***...]
Gold:   97         SH:  0    Dex: 10    Spells: 8/8 levels left

rFire   . . .      SeeInvis .    a - +2 halberd (protect)
rCold   . . .      Faith    .    (shield currently unavailable)
rNeg    . . .      Spirit   +    v - +0 chain mail
rPois   +          Reflect  .    (helmet restricted)
rElec   .          Harm     .    H - scarf {+Inv}
rCorr   .          Rampage  .    q - +0 pair of gloves
Will    ++...                    h - +0 pair of boots Stlth
                                 G - amulet of guardian spirit
HPRegen 1.33/turn                P - ring of poison resistance
MPRegen 0.11/turn                (no ring)

@: strong-willed, on berserk cooldown, regenerating, slowed, very slow
A: horns 2, retaliatory headbutt
a: Renounce Religion, Evoke Invisibility, Berserk, Trog's Hand


You were in a bailey.
You worshipped Trog.
Trog was most pleased with you.
You visited 1 branch of the dungeon, and saw 7 of its levels.
You also visited: Bailey.

You collected 455 gold pieces.
You spent 358 gold pieces at shops.

Inventory:

Hand Weapons
 a - a +2 halberd of protection (weapon)
   (You took it off a gnoll on level 5 of the Dungeon)
 b - a +3 arbalest
   (You found it on level 7 of the Dungeon)
 n - a +0 hand axe
 u - a +0 morningstar
   (You found it on level 2 of the Dungeon)
 y - the +7 flail of Wounding {venom, Dex+4}
   (You found it in a bailey)

   Dex:       It affects your dexterity (+4).
 C - the +3 spear of Extremism {drain, rC+ rN+}
   (You found it on level 2 of the Dungeon)

   rC:        It protects you from cold.
   rN:        It protects you from negative energy.
 D - a +0 sling
   (You found it on level 1 of the Dungeon)
 J - a +0 shortbow
   (You took it off a centaur on level 5 of the Dungeon)
Missiles
 i - 11 poisoned darts (quivered)
 A - 2 throwing nets {!f}
 B - 3 boomerangs
 Q - 62 stones
Armour
 h - a +0 pair of boots (worn)
   (You found it on level 1 of the Dungeon)
 q - a +0 pair of gloves (worn)
   (You found it on level 3 of the Dungeon)
 v - a +0 chain mail (worn)
   (You took it off an orc on level 3 of the Dungeon)
 H - a scarf of invisibility (worn)
   (You found it on level 6 of the Dungeon)
Jewellery
 c - the amulet "Bapeur" {Faith *Slow rF++ rN+ Int+4}
   (You found it on level 2 of the Dungeon)

   [amulet of faith]

   It allows you to gain divine favour quickly.
   Int:       It affects your intelligence (+4).
   rF:        It greatly protects you from fire.
   rN:        It protects you from negative energy.
   *Slow:     It may slow you when you take damage.
 G - an amulet of guardian spirit (around neck)
   (You found it on level 2 of the Dungeon)
 P - a ring of poison resistance (left hand)
   (You bought it in a shop on level 2 of the Dungeon)
Scrolls
 d - a scroll of fear
 e - 3 scrolls of immolation {!r}
 f - 2 scrolls of vulnerability {!r}
 g - 3 scrolls of summoning
 j - a scroll of poison {!r}
 o - a scroll of silence
 t - 2 scrolls of teleportation {@r4}
 x - a scroll of fog
 E - a scroll of magic mapping
Potions
 k - a potion of brilliance {unknown}
 l - a potion of might {unknown}
 m - 4 potions of lignification {unknown}
 p - 3 potions of curing {@q1}
 r - 3 potions of heal wounds {@q2}
 s - 2 potions of haste {unknown}
 w - a potion of magic {unknown}
 z - a potion of experience {unknown}
 F - a potion of mutation {unknown}
 I - a potion of resistance {unknown}
 K - a potion of berserk rage {unknown}


   Skills:
 + Level 7.7 Fighting
 - Level 4.8(7.4) Axes
 - Level 0.9(3.1) Maces & Flails
 * Level 8.7(9.3) Polearms
 * Level 8.3 Ranged Weapons
 - Level 2.4 Armour
 - Level 2.1 Dodging
 + Level 2.1 Evocations


You had 8 spell levels left.
You didn't know any spells.
Your spell library was empty.

Dungeon Overview and Level Annotations

Branches:
Dungeon (7/15)             Temple (0/1) D:6          Bailey (1/1)

Altars:
Dithmenos
Ru

Shops:
D:2 !=


Innate Abilities, Weirdness & Mutations

You have a pair of horns on your head.
You reflexively headbutt those who attack you in melee.


Message History

Something draws life force from you.
* * * LOW HITPOINT WARNING * * *
Something draws life force from you!
* * * LOW MAGIC WARNING * * *
* * * LOW HITPOINT WARNING * * *
You feel much better. Something hits you!
* * * LOW MAGIC WARNING * * *
* * * LOW HITPOINT WARNING * * *
Something bites you!
* * * LOW MAGIC WARNING * * *
* * * LOW HITPOINT WARNING * * *
Something draws strength from your injuries!
You feel much better. Something hits you.
* * * LOW HITPOINT WARNING * * *
Something bites you!
* * * LOW MAGIC WARNING * * *
* * * LOW HITPOINT WARNING * * *
Something draws strength from your injuries!
Something hits you!
* * * LOW HITPOINT WARNING * * *
Something bites you.
* * * LOW HITPOINT WARNING * * *
Something draws strength from your injuries!
You feel much better. Something hits you!!
* * * LOW HITPOINT WARNING * * *
Something completely misses you.
You puncture something!
Your weapon exudes an aura of protection.
You headbutt something. Something hits you.
* * * LOW HITPOINT WARNING * * *
Something bites you but does no damage. Something hits you but does no damage.
Something bites you but does no damage.
Unknown command.
Your skin crawls.
You feel strong-willed. Something hits you!
* * * LOW HITPOINT WARNING * * *
Something bites you but does no damage.
Unknown command.
You closely miss something. Your headbutt misses something. Something hits you!
* * * LOW MAGIC WARNING * * *
* * * LOW HITPOINT WARNING * * *
Something bites you!
You die...

#...##...##....♣...
#8....).##..♣......
######....##........♣.
*#8...##..)#...........
**,.....##..#.......♣...
*8,,*#...#..#......♣....
*,,***#..'..#....♣......
#,,**##..'..#.......##'#
#8!.##.@.#..#8..#####..#
*#[...{.##..#####..)'..#
##....###### #÷÷÷####
#####* #.÷÷# #####


There were no monsters in sight!

Vanquished Creatures
  A gargoyle (Bailey)
  A steam dragon (D:6)
  A water moccasin (D:6)
  3 black bears
  An ogre (D:5)
  A centaur (D:5)
  A phantom (D:5)
  A kobold brigand (D:4)
  2 necrophages (D:6)
  A howler monkey (D:6)
  5 wolf zombies (Bailey)
  7 vampire bats (Bailey)
  2 jellies
  6 hounds
  5 orc priests
  4 orc wizards
  7 gnolls
  11 adders
  2 white imps (D:6)
  An ufetubus (D:5)
  A worm (D:4)
  4 dart slugs
  19 orcs
  7 bats
  6 endoplasms
  3 giant cockroaches
  9 goblins
  4 hobgoblins
  11 jackals
  2 quokkas (D:1)
  7 ball pythons
  7 frilled lizards
  12 kobolds
  17 orc zombies (Bailey)
  7 rats
  A bush (D:4)
180 creatures vanquished.

Vanquished Creatures (others)
  7 plants (D:4)
7 creatures vanquished.

Grand Total: 187 creatures vanquished

Notes
Turn   | Place    | Note
-------+----------+-------------------------------------------
     0 | D:1      | Pooter the Minotaur Berserker began the quest for the Orb.
     0 | D:1      | Reached XP level 1. HP: 19/19 MP: 0/0
   149 | D:1      | Reached XP level 2. HP: 21/27 MP: 1/1
   677 | D:1      | Reached XP level 3. HP: 33/33 MP: 2/2
   683 | D:1      | Found a faded altar of an unknown god.
   824 | D:1      | Reached ** piety under Trog
  1200 | D:2      | Reached skill level 1 in Ranged Weapons
  1214 | D:2      | Identified the amulet "Bapeur" {Faith *Slow rF++ rN+ Int+4}
  1347 | D:2      | Found Nuonaguc's Distillery.
  1382 | D:2      | Bought 2 potions of curing for 84 gold pieces
  1544 | D:2      | Found Hynele's Jewellery Emporium.
  1633 | D:2      | Identified the +3 spear of Extremism {drain, rC+ rN+}
  1649 | D:2      | Reached XP level 4. HP: 41/41 MP: 3/3
  1770 | D:2      | Found a shadowy altar of Dithmenos.
  2068 | D:3      | Reached skill level 1 in Polearms
  2200 | D:3      | Reached XP level 5. HP: 47/47 MP: 4/4
  2476 | D:2      | Bought a potion of degeneration for 14 gold pieces
  3137 | D:3      | Found a faded altar of an unknown god.
  3141 | D:3      | Found a sacrificial altar of Ru.
  3304 | D:3      | Reached skill level 5 in Fighting
  3327 | D:3      | Reached *** piety under Trog
  3355 | D:4      | Reached XP level 6. HP: 54/56 MP: 5/5
  3942 | D:5      | Entered Level 5 of the Dungeon
  3997 | D:5      | Reached XP level 7. HP: 61/61 MP: 4/6
  4130 | D:5      | Reached skill level 5 in Polearms
  4270 | D:5      | Reached skill level 5 in Ranged Weapons
  5012 | D:5      | Reached XP level 8. HP: 71/71 MP: 5/7
  5735 | D:2      | Bought a ring of poison resistance for 260 gold pieces
  5921 | D:6      | Found a staircase to the Ecumenical Temple.
  6592 | D:7      | Found a flagged portal.
  6606 | D:7      | Reached skill level 1 in Evocations
  6680 | Bailey   | Entered a bailey
  7288 | Bailey   | Reached XP level 9. HP: 74/79 MP: 6/8
  7397 | Bailey   | Identified the +7 flail of Wounding {venom, Dex+4}
  7416 | Bailey   | Reached **** piety under Trog
  7811 | Bailey   | Noticed a gargoyle
  7820 | Bailey   | Killed a gargoyle
  7922 | Bailey   | Slain by a vampire

Illustrated notes

Levels and vault maps discovered:
D:1:      amcnicky_arrival_underground_garden, layout_basic,
          shapermc_ecumenical_altar_venn, minmay_misc_feat_plants, minmay_tall_x
D:2:      layout_basic, basic_altar, serial_shops, shop,
          nicolae_shop_hallway_stairs
D:3:      layout_basic, nicolae_overflow_ecumenical_swirl, hex_medium,
          hangedman_abyss_or_decor_stabs, grunt_decor_arrowhead,
          kennysheep_generic_room_4
D:4:      cheibrodos_pilgrimage, layout_gridville, lexackson_kobold_supper
D:5:      layout_layer_cave, nrook_mini_backslash
D:6:      layout_basic, minmay_temple_entry_enclosed_plants, grunt_ministairs_1
D:7:      layout_gridville, nzn_makhleb_speed_demon, minmay_overflow_temple_hex,
          enter_bailey_5, serial_bayou_pond_d
Bailey:   bailey_polearm_vampire_castle_hellmonk, bailey

Skill      XL: |  1  2  3  4  5  6  7  8  9 |
---------------+----------------------------+-----
Axes           | 4 |  4.8
Fighting       | 4 5 6 7 |  7.7
Ranged Weapons | 1 2 3 4 6 7 8 |  8.3
Polearms       | 1 3 4 6 8 |  8.7
Evocations     | 1 2 |  2.1
Maces & Flails | |  0.9
Armour         | |  2.4
Dodging        | |  2.1

Action                   |  1- 3 |  4- 6 |  7- 9 || total
-------------------------+-------+-------+-------++-------
Melee: Hand axe          |    58 |       |       ||    58
       Headbutt          |     8 |    23 |    16 ||    47
       Morningstar       |    19 |    26 |       ||    45
       Spear             |       |   142 |     2 ||   144
       Punch             |       |     2 |       ||     2
       Halberd           |       |       |   156 ||   156
 Fire: Sling             |    28 |     9 |     9 ||    46
       Shortbow          |       |       |    28 ||    28
       Arbalest          |       |       |    45 ||    45
Throw: Dart              |       |     3 |       ||     3
Invok: Berserk           |     3 |     4 |     4 ||    11
       Trog's Hand       |       |     3 |     5 ||     8
  Use: Scroll            |     4 |     5 |     7 ||    16
       Potion            |       |       |     5 ||     5
Armor: Ring mail         |    33 |     5 |       ||    38
       Animal skin       |     3 |       |       ||     3
       Chain mail        |       |    51 |   141 ||   192
Dodge: Dodged            |    64 |    64 |    98 ||   226

Table legend: (Time is in decaauts)
 A = Elapsed time spent in this place.
 B = Non-inter-level travel time spent in this place.
 C = Inter-level travel time spent in this place.
 D = Time resting spent in this place.
 E = Time spent auto-exploring this place.
 F = Levels seen in this place.
 G = Mean time per level.
                   A        B        C        D        E       F      G
               +--------+--------+--------+--------+--------+-----+--------+
         Total |   8113 |   7608 |    505 |   1840 |   4207 |   8 | 1014.1 |
       Dungeon |   6827 |   6322 |    505 |    867 |   4203 |   7 |  975.3 |
        Bailey |   1285 |   1285 |      0 |    973 |      4 |   1 | 1285.0 |
               +--------+--------+--------+--------+--------+-----+--------+

Top non-repeatable levels by time:
     D:5: 1480 daAuts
  Bailey: 1285 daAuts
     D:3: 1154 daAuts
     D:2: 1133 daAuts
     D:1: 1103 daAuts
     D:6: 1053 daAuts
     D:4: 765 daAuts
     D:7: 136 daAuts
